 Dungeon Crawl Stone Soup version 0.32-a0-876-gcfddb08e57 (webtiles) character file.

Game seed: 8429754558077779610

71526 P0WERM0DE the Warrior (level 15, -9/117 HPs)
             Began as a Coglin Chaos Knight on Apr 1, 2024.
             Was a Priest of Jiyva.
             Mangled by a +2 trident of protection (11 damage)
             ... on level 2 of the Elven Halls.
             The game lasted 00:36:52 (7267 turns).

P0WERM0DE the Warrior (Coglin Chaos Knight)         Turns: 7267, Time: 00:36:53

Health: -9/117     AC: 28    Str: 15    XL:     15   Next: 36%
Magic:  23/26      EV:  0    Int: 20    God:    Jiyva [***...]
Gold:   461        SH:  0    Dex: 16    Spells: 24/29 levels left

rFire   + + +        p - +6 shillelagh "Devastator" {shatter}
rCold   + + +        j - +8 lance "Wyrmbane" {slay drac, rPois rF+ rC+ AC+3}
rNeg    . . .        v - +0 gold dragon scales
rPois   +            D - +0 helmet of Music {*Corrode rElec rC+ Will++ SInv}
rElec   +            k - +0 cloak
rCorr   +            b - +0 pair of gloves {infuse}
SInv    +            (no boots)
Will    +++..        (amulet unavailable) Stlth
                     (ring unavailable)
HPRegen 1.51/turn    (ring unavailable)
MPRegen 0.76/turn    N - hydrosamoflange N-80 {Rampage Acrobat rF+ rC+}

%: corrode self (3%), acrobat, rampage, infuse magic (1 MP)
@: studying Summonings, revved
A: off-hand wielding, slow wielding, warmup strikes, no jewellery, iridescent
scales 3, agile 1, clever 1, fire resistance 2, frail 1, electricity resistance,
strong 1, eyeballs 3, evolution 1
a: Renounce Religion, Oozemancy


You were on level 2 of the Elven Halls.
You worshipped Jiyva.
Jiyva was most pleased with you.
You visited 4 branches of the dungeon, and saw 21 of its levels.
You also visited: Gauntlet and Ice Cave.

You collected 1643 gold pieces.
You spent 1182 gold pieces at shops.

Inventory:

Hand Weapons
 a - a +0 hand axe of chaos {Ignacio}
 f - a +0 dagger {Yuina}
 j - the +8 lance "Wyrmbane" (offhand) {slay drac, rPois rF+ rC+ AC+3}
   (You found it on level 2 of the Dungeon)

   AC+3:      It affects your AC (+3).
   rF+:       It protects you from fire.
   rC+:       It protects you from cold.
   rPois:     It protects you from poison.
 o - a +2 short sword of draining {Vidar}
   (You found it on level 3 of the Dungeon)
 p - the +6 shillelagh "Devastator" (weapon) {shatter}
   (You found it on level 6 of the Dungeon)
 s - a +2 hand axe of electrocution
   (You took it off an orc on level 3 of the Dungeon)
 M - a +2 hand axe of electrocution
   (You found it on level 4 of the Lair of Beasts)
 S - a +2 war axe of freezing
   (You found it in an ice cave)
Missiles
 e - 6 silver javelins
 y - 31 poisoned darts (quivered)
 A - 2 darts of dispersal
Armour
 b - a +0 pair of gloves of infusion (worn)
   (You found it in a Gauntlet)
 h - +2 acid dragon scales
   (You found it in a Gauntlet)
 i - a +1 kite shield of cold resistance
   (You found it in an ice cave)
 k - a +0 cloak (worn)
   (You found it on level 2 of the Dungeon)
 v - +0 gold dragon scales (worn)
   (You found it on level 3 of the Dungeon)
 B - a +2 robe of fire resistance
   (You took it off Pikel on level 5 of the Dungeon)
 D - the +0 helmet of Music (worn) {*Corrode rElec rC+ Will++ SInv}
   (You found it in a Gauntlet)

   rC+:       It protects you from cold.
   rElec:     It insulates you from electricity.
   Will++:    It greatly increases your willpower.
   SInv:      It lets you see invisible.
   *Corrode:  It may corrode you when you take damage.
 H - a +2 hat
   (You found it in a Gauntlet)
 J - a +0 troll leather armour
   (You found it on level 2 of the Orcish Mines)
 O - +0 fire dragon scales
   (You found it on level 2 of the Elven Halls)
Gizmo
 N - a hydrosamoflange N-80 (installed) {Rampage Acrobat rF+ rC+}
   (You invented it yourself on level 2 of the Orcish Mines)

   [hydrosamoflange N-80]

   rF+:       It protects you from fire.
   rC+:       It protects you from cold.
   Rampage:   It bestows one free step when moving towards enemies.
   Acrobat:   It increases your evasion after moving or waiting.
Wands
 g - a wand of polymorph (5)
   (You took it off Eustachio on level 6 of the Dungeon)
 u - a wand of mindburst (14)
   (You found it on level 9 of the Dungeon)
 x - a wand of quicksilver (4)
   (You found it on level 7 of the Dungeon)
 C - a wand of flame (9)
   (You found it on level 11 of the Dungeon)
Scrolls
 c - 2 scrolls of butterflies
 n - 2 scrolls of immolation
 r - 6 scrolls of identify
 t - 3 scrolls of teleportation
 w - a scroll of revelation
 z - 4 scrolls of blinking
 E - 2 scrolls of fear
 F - 4 scrolls of fog
 G - a scroll of enchant armour
 I - 3 scrolls of enchant weapon
 L - a scroll of amnesia
 Q - 2 scrolls of silence
 R - a scroll of poison
Potions
 d - 3 potions of might
 l - a potion of attraction
 m - 2 potions of berserk rage
 q - 3 potions of curing
 P - a potion of lignification
Miscellaneous
 K - a lightning rod (4/4)
   (You found it in a Gauntlet)


   Skills:
 * Level 16.0 Fighting
 * Level 15.8 Axes
 - Level 7.0 Armour
 * Level 1.3 Dodging
 * Level 7.7 Spellcasting
 * Level 0.9 Translocations
 - Level 13.0 Evocations


You had 24 spell levels left.
You knew the following spells:

 Your Spells              Type           Power      Damage    Failure   Level
a - Apportation           Tloc           22%        N/A       100%        1
x - Passage of Golubria   Tloc           11%        N/A       100%        4

Your spell library contained the following spells:

 Spells                   Type           Power      Damage    Failure   Level
 Summon Small Mammal      Summ           28%        N/A       100%        1
 Blink                    Tloc           22%        N/A       100%        2
 Jinxbite                 Hex            14%        N/A       100%        2
 Lesser Beckoning         Tloc           22%        N/A       100%        2
 Momentum Strike          Conj/Tloc      18%        3d8       100%        2
 Call Canine Familiar     Summ           7%         N/A       100%        3
 Dazzling Flash           Conj/Hex       14%        N/A       100%        3
 Inner Flame              Hex/Fire       7%         N/A       100%        3
 Tukima's Dance           Hex            7%         N/A       100%        3
 Flame Wave               Conj/Fire      7%         2d5       100%        4
 Ignite Poison            Fire/Alch      7%         N/A       100%        4
 Sticky Flame             Fire/Alch      7%         2d4       100%        4
 Summon Blazeheart Golem  Fire/Summ      7%         N/A       100%        4
 Alistair's Intoxication  Alch           4%         N/A       100%        5
 Summon Forest            Summ/Tloc      4%         N/A       100%        5
 Summon Mana Viper        Hex/Summ       7%         N/A       100%        5
 Yara's Violent Unravell  Hex/Alch       3%         3d4       100%        5
 Sculpt Simulacrum        Ice/Alch       3%         N/A       100%        6
 Starburst                Conj/Fire      3%         6d3       100%        6
 Summon Cactus Giant      Summ           3%         N/A       100%        6
 Ozocubu's Refrigeration  Ice            3%         4d8       100%        7
 Ignition                 Fire           3%         3d4       100%        8
 Maxwell's Capacitive Co  Air            3%         ∞         100%        8
 Polar Vortex             Ice            3%         N/A       100%        9


Dungeon Overview and Level Annotations

Branches:
Dungeon (13/15)              Lair (4/5) D:8          Spider (0/4) Lair:2
  Slime (0/5) Lair:4          Orc (2/2) D:11            Elf (2/3) Orc:2
  IceCv (visited)         Gauntlet (visited)
 Temple: D:4-7        Swamp: Lair:2-3    Shoals: Lair:2-3    Vaults: D:13-14

Altars:
Ashenzari
Elyvilon
Vehumet
Xom
Yredelemnul
Beogh
Jiyva

Shops:
D:1 (   D:7 **   Orc:2 ?(*[   Elf:2 ?:(?

Annotations:
Elf:1 1 runed translucent door


Innate Abilities, Weirdness & Mutations

You can wield a second weapon in your off-hand.
It takes a long time for you to wield or remove held weapons.
Your first few attacks do less damage.
You cannot equip rings or amulets.
You are completely covered in iridescent scales. (AC +6)
You are agile. (Dex +4, Str/Int -1)
Your mind is acute. (Int +4, Str/Dex -1)
Your flesh is very heat resistant. (rF++)
You are frail. (-10% HP)
You are resistant to electric shocks. (rElec)
Your muscles are strong. (Str +4, Int/Dex -1)
Your body is covered in eyes which may confuse attackers. (Acc +7, SInv)
You have hidden genetic potential.


Message History

The deep elf pyromancer shudders.
You kill the deep elf pyromancer!
You hear a distant slurping noise.
The +2 trident of protection hits you from afar!
You reach to attack!
You barely miss the +4 heavy halberd with the +8 lance "Wyrmbane".
The +4 heavy halberd hits you from afar!!
The +2 trident of protection hits you but does no damage.
You reach to attack!
You hit the +4 heavy halberd but do no damage.
The +2 trident of protection hits you but does no damage.
The +4 heavy halberd hits you from afar!
You hear a distant slurping noise.
The +2 trident of protection misses you.
The +4 heavy halberd hits you!
The +2 trident of protection hits you but does no damage.
You hear a distant slurping noise.
Things that are here:
a +1 dagger of venom; a +0 ring mail You closely miss the +4 heavy halberd with the +8 lance "Wyrmbane".
You miss the +4 heavy halberd with the +6 shillelagh "Devastator".
The +2 trident of protection hits you.
The +4 heavy halberd hits you but does no damage.
You barely miss the +4 heavy halberd with the +6 shillelagh "Devastator".
You barely miss the +4 heavy halberd with the +8 lance "Wyrmbane".
The +2 trident of protection hits you but does no damage.
The +4 heavy halberd hits you!! The +2 trident of protection hits you!
You puncture the +4 heavy halberd with the +8 lance "Wyrmbane"!
The +4 heavy halberd is moderately damaged.
You sock the +4 heavy halberd with the +6 shillelagh "Devastator"!
The +4 heavy halberd shudders.
The +2 trident of protection hits you!
* * * LOW HITPOINT WARNING * * *
You hit the +4 heavy halberd but do no damage.
The +4 heavy halberd is severely damaged.
You hit the +4 heavy halberd with the +6 shillelagh "Devastator".
The +4 heavy halberd shudders.
The +4 heavy halberd hits you!!
* * * LOW HITPOINT WARNING * * *
The +2 trident of protection hits you!
You die...
Jiyva sends a jelly to digest your remains.

###.##.......#,,**,,**
#####.##.#######.,,,,**
#................,***,**
#.###.#.#........,* *,,**
#.##..#.###......,* **ß,*
#.......# *######,****,*,
#.##.##.# *,..,,,ß<∩,ß
#......(######...,,,,*,#.
#.##....@(......,,,,,*ß#.
#.#####.#####...,,,,,,,.,
#....).># **,,,,,,,****
######### *,,,,,,,**,,
*,,,,,,,**,* ****,*****,*
*** ##.* *#.., **....


You could see 2 dancing weapons.

Vanquished Creatures
  2 deep elf sorcerers (Elf:1)
  A deep elf death mage (Elf:1)
  A minotaur (Gauntlet)
  Erolcha (D:11)
  An entropy weaver (Gauntlet)
  2 ogre magi (Orc:2)
  A hydra (Lair:4)
  A centaur warrior (D:13)
  11 dancing weapons
  11 two-headed ogres
  A boulder beetle (D:12)
  4 death yaks (Lair:4)
  8 deep elf knights
  An iron troll (Orc:2)
  A deep troll (Orc:2)
  3 deep elf archers
  11 deep elf zephyrmancers
  Pikel (D:5)
  10 deep elf pyromancers
  An orc knight (Orc:2)
  An obsidian bat (Orc:1)
  5 cyclopes
  A wolf spider (Gauntlet)
  3 orc sorcerers
  4 ugly things
  5 elephants (Lair:4)
  4 kobold blastminers
  3 ice statues (IceCv)
  2 black mambas (Lair:4)
  6 cane toads
  A gargoyle (D:12)
  A freezing wraith (IceCv)
  4 komodo dragons
  A rime drake (Lair:3)
  11 trolls
  A wolf spider simulacrum (Gauntlet)
  2 polar bears
  A hornet (D:11)
  9 blink frogs
  2 shadows
  A jumping spider (Gauntlet)
  3 water elementals
  A wraith (D:12)
  3 wyverns
  32 yaks
  A dire elephant simulacrum (IceCv)
  A steam dragon (Lair:2)
  A warg (D:8)
  Eustachio (D:6)
  2 basilisks
  A neqoxec (Gauntlet)
  2 chaos spawn (Gauntlet)
  A death yak simulacrum (IceCv)
  A hydra simulacrum (IceCv)
  5 water moccasins
  12 orc warriors
  18 ogres
  A hornet zombie (D:5)
  5 wolves
  3 lemures (D:5)
  A centaur (D:7)
  3 phantoms
  11 bullfrogs
  3 kobold brigands
  Blork the orc (D:7)
  3 scorpions
  A gnoll sergeant (D:12)
  A cane toad simulacrum (IceCv)
  A water moccasin zombie (D:5)
  7 wights
  9 killer bees
  2 electric eels (D:12)
  3 howler monkeys (D:7)
  3 jellies (Lair:4)
  3 bombardier beetles
  A bullfrog zombie (D:5)
  A wyvern simulacrum (Gauntlet)
  Crazy Yiuf (D:2)
  17 orc priests
  A scorpion zombie (D:5)
  Natasha (thrice) (D:2)
  5 iguanas
  13 orc wizards
  2 wolf simulacra (IceCv)
  8 adders
  5 gnolls (D:12)
  3 shadow imps
  2 ufetubi (D:7)
  An adder zombie (D:5)
  2 ribbon worms
  2 dart slugs
  49 orcs
  4 bats
  10 endoplasms
  4 giant cockroaches
  5 goblins
  4 hobgoblins
  A jackal (D:8)
  4 quokkas
  6 ball pythons
  23 kobolds
  12 rats
476 creatures vanquished.

Vanquished Creatures (collateral kills)
  3 orcs
3 creatures vanquished.

Vanquished Creatures (others)
  A centaur simulacrum (Gauntlet)
  A human (D:11)
  17 jellies
  2 orc priests (D:11)
  An orc wizard (D:11)
  4 orcs
26 creatures vanquished.

Grand Total: 505 creatures vanquished

Notes
Turn   | Place    | Note
-------+----------+-------------------------------------------
     0 | D:1      | P0WERM0DE the Coglin Chaos Knight began the quest for the
                  | Orb.
     0 | D:1      | Reached XP level 1. HP: 18/18 MP: 1/1
   108 | D:1      | Found Uvuas's Weapon Shop.
   214 | D:1      | Reached XP level 2. HP: 23/24 MP: 2/2
   358 | D:1      | XOM: smoke on damage
   653 | D:2      | Noticed Natasha
   653 | D:2      | XOM: silly message
   656 | D:2      | Reached XP level 3. HP: 29/29 MP: 3/3
   660 | D:2      | Killed Natasha
   784 | D:2      | Reached skill level 4 in Fighting
   784 | D:2      | Reached XP level 4. HP: 36/37 MP: 4/4
   835 | D:2      | Noticed Natasha
   842 | D:2      | Killed Natasha
   862 | D:2      | Found the +8 lance "Wyrmbane" {slay drac, rPois rF+ rC+
                  | AC+3}
   902 | D:2      | Noticed Natasha
   907 | D:2      | Killed Natasha
   966 | D:2      | Found a runed translucent door.
   967 | D:2      | Noticed Crazy Yiuf
   972 | D:2      | Killed Crazy Yiuf
   973 | D:2      | Reached XP level 5. HP: 43/43 MP: 5/5
  1061 | D:3      | XOM: divination: detect items
  1139 | D:3      | XOM: divination: detect items
  1184 | D:3      | Reached skill level 5 in Fighting
  1220 | D:3      | Reached skill level 5 in Axes
  1230 | D:3      | Reached XP level 6. HP: 47/51 MP: 6/6
  1548 | D:4      | XOM: potion effect (heal wounds)
  1566 | D:4      | Reached XP level 7. HP: 53/57 MP: 7/7
  1595 | D:5      | Entered Level 5 of the Dungeon
  1615 | D:5      | Found a white marble altar of Elyvilon.
  1627 | D:5      | Reached skill level 6 in Fighting
  1633 | D:5      | XOM: potion effect (invisibility)
  1644 | D:5      | Found a basalt altar of Yredelemnul.
  1672 | D:5      | XOM: potion effect (attraction)
  1743 | D:5      | Reached XP level 8. HP: 34/65 MP: 8/8
  1774 | D:5      | XOM: divination: detect creatures
  1790 | D:5      | Noticed Pikel
  1805 | D:5      | XOM: silly message
  1807 | D:5      | XOM: summons friendly ufetubus
  1833 | D:5      | Killed Pikel
  1834 | D:5      | Reached skill level 7 in Fighting
  1844 | D:5      | Found a radiant altar of Vehumet.
  1881 | D:6      | Reached skill level 8 in Fighting
  1902 | D:6      | XOM: enchant monster (good)
  1936 | D:6      | Reached XP level 9. HP: 63/75 MP: 9/9
  1946 | D:6      | Noticed Eustachio
  1964 | D:6      | XOM: confuse monster(s)
  1966 | D:6      | XOM: swap monsters
  1968 | D:6      | Killed Eustachio
  1973 | D:6      | Found the +6 shillelagh "Devastator" {shatter}
  2168 | D:6      | Reached skill level 9 in Fighting
  2168 | D:6      | Reached skill level 1 in Evocations
  2194 | D:7      | Found Zyczol Gisu's General Store.
  2207 | D:7      | Bought a scroll of enchant weapon for 105 gold pieces
  2247 | D:8      | Found a broken altar of Ashenzari.
  2349 | D:8      | XOM: enchant monster (bad)
  2387 | D:8      | XOM: give mutations
  2387 | D:8      | Gained mutation: You are partially covered in iridescent
                  | scales. (AC +2) [Xom's mischief]
  2387 | D:8      | Gained mutation: You are resistant to electric shocks.
                  | (rElec) [Xom's mischief]
  2387 | D:8      | Gained mutation: You occasionally lose the ability to read
                  | scrolls when taking damage. [Xom's mischief]
  2387 | D:8      | Lost mutation: You occasionally lose the ability to read
                  | scrolls when taking damage. [Xom's mischief]
  2393 | D:8      | Identified the +1 leather armour "Neugul" {*Slow rElec rN++
                  | SInv}
  2440 | D:7      | XOM: chaos cloud
  2483 | D:7      | XOM: enchant monster (bad)
  2489 | D:7      | XOM: give mutations
  2489 | D:7      | Gained mutation: You are mostly covered in iridescent
                  | scales. (AC +4) [Xom's grace]
  2489 | D:7      | Gained mutation: You are agile. (Dex +4, Str/Int -1) [Xom's
                  | grace]
  2489 | D:7      | Gained mutation: You are completely covered in iridescent
                  | scales. (AC +6) [Xom's grace]
  2489 | D:7      | Gained mutation: Your system is resistant to poisons.
                  | (rPois) [Xom's grace]
  2490 | D:7      | Reached skill level 5 in Evocations
  2500 | D:7      | Reached XP level 10. HP: 72/85 MP: 10/10
  2541 | D:7      | XOM: summons 4 friendly demons
  2543 | D:7      | Reached skill level 10 in Fighting
  2546 | D:7      | Reached skill level 10 in Axes
  2553 | D:7      | Noticed Blork the orc
  2565 | D:7      | Killed Blork the orc
  2649 | D:7      | Found Laing's Fire Supplies.
  2723 | D:6      | XOM: destruction
  2810 | D:8      | XOM: potion effect (invisibility)
  2813 | D:8      | XOM: polymorph wolf -> jackal
  2933 | D:8      | Found a staircase to the Lair.
  2943 | D:8      | XOM: fog
  2950 | D:8      | XOM: cast spell 'Olgreb's Toxic Radiance'
  3025 | Lair:1   | Entered Level 1 of the Lair of Beasts
  3037 | Lair:1   | XOM: enchant monster (good)
  3044 | Lair:1   | XOM: summons friendly iron imp
  3118 | Lair:1   | Reached skill level 11 in Fighting
  3153 | Lair:1   | Reached XP level 11. HP: 69/93 MP: 11/11
  3159 | Lair:1   | Identified the ring "Dishrigg" {Will+ Dex+6}
  3169 | Lair:1   | XOM: fake destruction
  3221 | Lair:1   | XOM: fog
  3540 | Lair:2   | XOM: enchant monster (good)
  3548 | Lair:2   | XOM: give mutations
  3548 | Lair:2   | Gained mutation: Your muscles are strong. (Str +4, Int/Dex
                  | -1) [Xom's grace]
  3548 | Lair:2   | Gained mutation: You are robust. (+10% HP) [Xom's grace]
  3548 | Lair:2   | Gained mutation: You are very robust. (+20% HP) [Xom's
                  | grace]
  3591 | Lair:2   | Found a hole to the Spider Nest.
  3591 | Lair:2   | Noticed an orb spider
  3600 | Lair:2   | an orb spider changed into a steelbarb worm
  3600 | Lair:2   | Noticed a steelbarb worm
  3672 | Lair:3   | XOM: fake destruction
  3674 | Lair:3   | Reached skill level 10 in Evocations
  3686 | Lair:3   | XOM: destruction
  3718 | Lair:3   | Noticed a death yak
  3720 | Lair:3   | Noticed a death yak
  3720 | Lair:3   | XOM: summons 4 friendly demons
  3723 | Lair:3   | Noticed a death yak
  3724 | Lair:3   | Noticed a death yak
  3725 | Lair:3   | XOM: potion effect (might)
  3727 | Lair:3   | Identified the +2 ring mail "Weerugra" {rF+}
  3764 | Lair:4   | Reached skill level 12 in Fighting
  3808 | Lair:4   | Noticed a four-headed hydra
  3814 | Lair:4   | Killed a four-headed hydra
  3828 | Lair:4   | XOM: divination: detect items
  3833 | Lair:4   | Reached XP level 12. HP: 82/123 MP: 12/12
  3851 | Lair:4   | XOM: confuse monster(s)
  3854 | Lair:4   | XOM: summons friendly white imp
  3857 | Lair:4   | XOM: summons 5 friendly demons
  3937 | Lair:4   | Found a viscous altar of Jiyva.
  3941 | Lair:4   | Noticed a death yak
  3941 | Lair:4   | Noticed a death yak
  3941 | Lair:4   | Noticed a death yak
  3942 | Lair:4   | Noticed a death yak
  3948 | Lair:4   | XOM: summons 7 friendly demons
  3970 | Lair:4   | XOM: summons 6 friendly demons
  3982 | Lair:4   | Killed a death yak
  3985 | Lair:4   | Killed a death yak
  3986 | Lair:4   | Killed a death yak
  3986 | Lair:4   | Killed a death yak
  3987 | Lair:4   | Reached skill level 13 in Fighting
  4027 | Lair:4   | Found a staircase to the Slime Pits.
  4040 | Lair:4   | Fell from the grace of Xom
  4040 | Lair:4   | Became a worshipper of Jiyva Jyuteudd the Shapeless
  4391 | D:9      | Reached * piety under Jiyva
  4396 | D:10     | Entered Level 10 of the Dungeon
  4509 | D:10     | Reached ** piety under Jiyva
  4598 | D:10     | XOM: summons 11 hostile demons
  4626 | D:10     | Noticed a two-headed ogre
  4635 | D:10     | Killed a two-headed ogre
  4652 | D:10     | Learned a level 4 spell: Passage of Golubria
  4764 | D:11     | Noticed a two-headed ogre
  4772 | D:11     | Killed a two-headed ogre
  4832 | D:11     | Reached *** piety under Jiyva
  4877 | D:11     | Reached skill level 1 in Spellcasting
  4893 | D:11     | Found a staircase to the Orcish Mines.
  4921 | D:12     | Lost mutation: You are completely covered in iridescent
                  | scales. (AC +6) [Jiyva's grace]
  4921 | D:12     | Lost mutation: Your system is resistant to poisons. (rPois)
                  | [Jiyva's grace]
  4921 | D:12     | Gained mutation: Your flesh is heat resistant. (rF+)
                  | [Jiyva's grace]
  4921 | D:12     | Gained mutation: Your flesh is very heat resistant. (rF++)
                  | [Jiyva's grace]
  4921 | D:12     | Gained mutation: Your flesh is almost immune to the effects
                  | of heat. (rF+++) [Jiyva's grace]
  4921 | D:12     | Gained mutation: You are covered in slimy tendrils that may
                  | disarm your opponents. [Jiyva's grace]
  4948 | D:12     | Reached XP level 13. HP: 118/133 MP: 13/15
  5383 | D:11     | Reached **** piety under Jiyva
  5393 | D:11     | Noticed Erolcha
  5398 | D:11     | Killed Erolcha
  5439 | Orc:1    | Entered Level 1 of the Orcish Mines
  5451 | Orc:1    | Reached skill level 14 in Fighting
  5499 | Orc:1    | Paralysed by an orc sorcerer for 3 turns
  5557 | Orc:1    | Found a frozen archway.
  5571 | IceCv    | Entered an ice cave
  5787 | Orc:2    | Entered Level 2 of the Orcish Mines
  5808 | Orc:2    | Reached skill level 5 in Armour
  5863 | Orc:1    | Found a roughly hewn altar of Beogh.
  6095 | Orc:2    | Found a gate leading to a gauntlet.
  6104 | Gauntlet | Entered a Gauntlet
  6104 | Gauntlet | Found a transporter.
  6108 | Gauntlet | Found a transporter.
  6109 | Gauntlet | Found a transporter.
  6124 | Gauntlet | Found a transporter.
  6126 | Gauntlet | Found a transporter.
  6139 | Gauntlet | Found a transporter.
  6144 | Gauntlet | Found a runed translucent door.
  6151 | Gauntlet | Found a transporter.
  6153 | Gauntlet | Noticed an entropy weaver
  6161 | Gauntlet | Found a transporter.
  6163 | Gauntlet | Identified a scroll of acquirement
  6171 | Gauntlet | Found a transporter.
  6188 | Gauntlet | Found a transporter.
  6194 | Gauntlet | Found a transporter.
  6198 | Gauntlet | Found a transporter.
  6241 | Gauntlet | Gained mutation: You are occasionally teleported next to
                  | monsters. [a neqoxec]
  6266 | Gauntlet | Lost mutation: Your flesh is almost immune to the effects
                  | of heat. (rF+++) [Jiyva's grace]
  6266 | Gauntlet | Lost mutation: You are very robust. (+20% HP) [Jiyva's
                  | grace]
  6266 | Gauntlet | Lost mutation: You are occasionally teleported next to
                  | monsters. [Jiyva's grace]
  6266 | Gauntlet | Gained mutation: Your body has grown eyes which may confuse
                  | attackers. (Acc +3) [Jiyva's grace]
  6266 | Gauntlet | Gained mutation: Your body has grown many eyes which may
                  | confuse attackers. (Acc +5) [Jiyva's grace]
  6266 | Gauntlet | Gained mutation: Your body is covered in eyes which may
                  | confuse attackers. (Acc +7, SInv) [Jiyva's grace]
  6266 | Gauntlet | Gained mutation: You have hidden genetic potential.
                  | [Jiyva's grace]
  6269 | Gauntlet | Found a transporter.
  6284 | Gauntlet | Lost mutation: You are robust. (+10% HP) [potion of
                  | mutation]
  6284 | Gauntlet | Lost mutation: You are covered in slimy tendrils that may
                  | disarm your opponents. [potion of mutation]
  6284 | Gauntlet | Gained mutation: You are frail. (-10% HP) [potion of
                  | mutation]
  6284 | Gauntlet | Gained mutation: Your mind is acute. (Int +4, Str/Dex -1)
                  | [potion of mutation]
  6298 | Gauntlet | Killed an entropy weaver
  6307 | Gauntlet | Identified the +0 helmet of Music {*Corrode rElec rC+
                  | Will++ SInv}
  6324 | Gauntlet | Noticed a minotaur
  6336 | Gauntlet | Killed a minotaur
  6439 | Orc:2    | Reached XP level 14. HP: 48/108 MP: 13/21
  6446 | Orc:2    | Reached skill level 5 in Spellcasting
  6605 | Orc:2    | Found Humozo's Magic Scroll Boutique.
  6606 | Orc:2    | Found Zentug's Weapon Shoppe.
  6623 | Orc:2    | Found Enuteati's General Store.
  6636 | Orc:2    | Found Lokeoc's Antique Armour Shoppe.
  6638 | Orc:2    | Bought a scroll of teleportation for 48 gold pieces
  6638 | Orc:2    | Bought a scroll of enchant weapon for 120 gold pieces
  6638 | Orc:2    | Bought 2 scrolls of identify for 64 gold pieces
  6638 | Orc:2    | Bought a scroll of identify for 32 gold pieces
  6638 | Orc:2    | Bought a scroll of identify for 32 gold pieces
  6638 | Orc:2    | Bought a scroll of immolation for 64 gold pieces
  6643 | Orc:2    | Bought a scroll of blinking for 97 gold pieces
  6720 | Orc:2    | Found a shimmering altar of Xom.
  6781 | Orc:2    | Found a staircase to the Elven Halls.
  6787 | Elf:1    | Entered Level 1 of the Elven Halls
  6787 | Elf:1    | Noticed a deep elf sorcerer
  6787 | Elf:1    | Noticed a deep elf sorcerer
  6787 | Elf:1    | Found a runed translucent gate.
  6787 | Elf:1    | Found a runed translucent gate.
  6787 | Elf:1    | Found a runed translucent gate.
  6787 | Elf:1    | Found a runed translucent gate.
  6787 | Elf:1    | Found a runed translucent gate.
  6787 | Elf:1    | Found a runed translucent gate.
  6790 | Orc:2    | Acquired a hydrosamoflange N-80 {Rampage Acrobat rF+ rC+}
  6793 | Elf:1    | Found a runed translucent door.
  6797 | Elf:1    | Reached skill level 15 in Fighting
  6805 | Elf:1    | Found a runed translucent door.
  6809 | Elf:1    | Killed a deep elf sorcerer
  6810 | Elf:1    | Killed a deep elf sorcerer
  6824 | Elf:1    | Reached skill level 15 in Axes
  6836 | Elf:1    | Gained mutation: You are completely covered in iridescent
                  | scales. (AC +6) [hidden potential]
  6935 | Elf:2    | Noticed a deep elf death mage
  6940 | Elf:2    | Killed a deep elf death mage
  6946 | Elf:1    | Killed a ghostly deep elf death mage
  6947 | Elf:1    | Reached XP level 15. HP: 76/116 MP: 20/25
  6972 | Elf:2    | XOM: silly message
  7014 | Elf:2    | XOM: silly message
  7029 | Elf:2    | Found a runed translucent gate.
  7029 | Elf:2    | Found a runed translucent gate.
  7030 | Elf:2    | Found a runed translucent gate.
  7102 | Elf:2    | Found Luipise's Magic Scroll Emporium.
  7103 | Elf:2    | Found Yhikhis's Antique Weapon Shop.
  7110 | Elf:2    | Bought a scroll of blinking for 112 gold pieces
  7110 | Elf:2    | Bought a scroll of revelation for 112 gold pieces
  7142 | Elf:2    | Reached skill level 16 in Fighting
  7173 | Elf:2    | Found Hipiusi's Book Boutique.
  7178 | Elf:2    | Bought a book of Party Tricks for 396 gold pieces
  7180 | Elf:2    | Learned a level 1 spell: Apportation
  7191 | Elf:2    | Reached skill level 1 in Dodging
  7223 | Elf:2    | Found Dolimm's Magic Scroll Shop.
  7267 | Elf:2    | HP: 2/117 [+4 heavy halberd (29)]
  7267 | Elf:2    | Mangled by a +2 trident of protection

Illustrated notes

Levels and vault maps discovered:
D:1:      eino_arrival_water_cross, layout_loops_ring, serial_shops,
          nicolae_shop_bloodbath_and_beyond
D:2:      layout_basic, uniq_natasha, uniq_crazy_yiuf_cottage
D:3:      layout_rooms, nicolae_ru_great_annihilating_truth, serial_shops,
          nicolae_shop_competitors_out_of_business, kennysheep_generic_room_2
D:4:      kennysheep_six_static_rooms, layout_basic
D:5:      layout_rooms, mainiacjoe_overflow_cross_hatched,
          nicolae_yredelemnul_corpse_copse, mainiacjoe_overflow_tiny_flanked,
          uniq_pikel
D:6:      layout_loops_ring, minmay_temple_entry_overgrown,
          dilly_guarded_unrand_devastator, uniq_grinder, uniq_duvessa,
          uniq_eustachio
D:7:      layout_basic, serial_shops, nicolae_shop_waterfront,
          nicolae_shop_fire_sale [nicolae_sub_dead_trees], sword_in_stone
D:8:      layout_basic, ashenzari_altar_1, erik_lair_orcish_takeover
D:9:      layout_long_grid, mainiacjoe_overflow_concentric_impassable
D:10:     layout_stronghold
D:11:     layout_basic, erik_orc_4, hangedman_abyss_or_decor_stagger,
          uniq_erolcha
D:12:     layout_basic, serial_bayou, serial_bayou_pond_d,
          serial_bayou_lagoon_a, serial_bayou_lagoon_b, serial_bayou_lake_a
D:13:     layout_roguey, hellmonk_vaults_attempted_burglary, enter_trove_2,
          gammafunk_ghost_split
Lair:1:   layout_cave_shapes
Lair:2:   layout_small_grid, palyth_hydra_swamp_entry,
          nicolae_spider_entry_orb_guardian
Lair:3:   dreamdust_cave_troll, layout_layer_cave, serial_rivers,
          chequers_serial_rivers_small_a, chequers_serial_rivers_micro_a,
          chequers_serial_rivers_large_a, chequers_serial_rivers_small_b,
          chequers_serial_rivers_micro_b, chequers_serial_rivers_marsh,
          st_stairs_6, grunt_megastairs_2
Lair:4:   layout_roguey, slime_entry_2
Orc:1:    nicolae_orc_accident_2, layout_diamond_mine,
          portal_ice_cave_entry_pillars_2
Orc:2:    st_orc_open, layout_caves, basic_altar, gauntlet_entry_generic
Elf:1:    nicolae_elf_arrival_dilemma, layout_gridlike, ebering_ghost_gozag,
          hangedman_elf_disciples
Elf:2:    elven_hall_of_blades_hangedman_original [nicolae_blade_lattice],
          layout_loops_cross, serial_shops, nicolae_shop_rolling_square, shop,
          shop, nicolae_shop_rolled_up, nicolae_shop_statue_plus

Skill      XL: |  1  2  3  4  5  6  7  8  9 10 11 12 13 14 15 |
---------------+----------------------------------------------+-----
Fighting       | 4 5 6 8 9 11 12 13 14 15 16 | 16.0
Axes           | 4 5 6 8 9 11 12 13 14 15 | 15.8
Evocations     | 5 8 11 13 | 13.0
Armour         | 3 5 7 |  7.0
Spellcasting   | 1 4 6 7 |  7.7
Dodging        | 1 |  1.3
Translocations | |  0.9

Action                     |  1- 3 |  4- 6 |  7- 9 | 10-12 | 13-15 || total
---------------------------+-------+-------+-------+-------+-------++-------
  Melee: Hand axe          |    60 |    16 |       |       |       ||    76
         Dagger            |    55 |     9 |       |       |       ||    64
         Lance             |       |    71 |   175 |   226 |   387 ||   859
         Short sword       |       |    49 |   118 |       |       ||   167
         Shillelagh        |       |       |    36 |   230 |   344 ||   610
  Throw: Dart              |       |       |       |     4 |       ||     4
 Invoke: Oozemancy         |       |       |       |       |     7 ||     7
Ability: Invent Gizmo      |       |       |       |       |     1 ||     1
  Evoke: Wand              |       |       |       |    19 |     4 ||    23
         Lightning rod     |       |       |       |       |     1 ||     1
    Use: Scroll            |     3 |     3 |     3 |    10 |     8 ||    27
         Potion            |       |     1 |     4 |     7 |     6 ||    18
   Stab: Sleeping          |     2 |       |       |       |       ||     2
         Invisible         |       |       |    14 |     4 |       ||    18
         Distracted        |       |       |     1 |     1 |     1 ||     3
         Confused          |       |       |     1 |       |     3 ||     4
         Paralysed         |       |       |       |     4 |     1 ||     5
 Armour: Leather armour    |    29 |    16 |       |       |       ||    45
         Gold dragon scale |       |    33 |   204 |   320 |   493 ||  1050
         Skin              |       |       |       |    10 |       ||    10
  Dodge: Dodged            |    40 |    13 |     5 |    10 |    26 ||    94

Table legend: (Time is in decaauts)
 A = Elapsed time spent in this place.
 B = Non-inter-level travel time spent in this place.
 C = Inter-level travel time spent in this place.
 D = Time resting spent in this place.
 E = Time spent auto-exploring this place.
 F = Levels seen in this place.
 G = Mean time per level.
                   A        B        C        D        E       F      G
               +--------+--------+--------+--------+--------+-----+--------+
         Total |   7164 |   6899 |    265 |     33 |    995 |  23 |  311.5 |
       Dungeon |   4196 |   3993 |    203 |      0 |    775 |  13 |  322.8 |
          Lair |   1204 |   1161 |     43 |     33 |    220 |   4 |  301.0 |
  Orcish Mines |    895 |    877 |     18 |      0 |      0 |   2 |  447.5 |
   Elven Halls |    446 |    446 |      0 |      0 |      0 |   2 |  223.0 |
      Ice Cave |    160 |    160 |      0 |      0 |      0 |   1 |  160.0 |
      Gauntlet |    261 |    261 |      0 |      0 |      0 |   1 |  261.0 |
               +--------+--------+--------+--------+--------+-----+--------+

Top non-repeatable levels by time:
     D:1: 635 daAuts
   Orc:2: 517 daAuts
     D:7: 485 daAuts
  Lair:2: 420 daAuts
  Lair:4: 414 daAuts
    D:12: 413 daAuts
     D:2: 391 daAuts
   Orc:1: 377 daAuts
     D:4: 350 daAuts
     D:8: 336 daAuts
     D:5: 308 daAuts
    D:11: 305 daAuts
   Elf:2: 303 daAuts
    D:10: 268 daAuts
Gauntlet: 261 daAuts
